 Dungeon Crawl Stone Soup version 0.29.0-10-g45618ea6d2 (webtiles) character file.

Game seed: 3400212013815782875

2 anonymouscript the Magician (level 1, -1/15 HPs)
             Began as a Djinni Fire Elementalist on Sept 1, 2022.
             Slain by a jackal (3 damage)
             ... on level 3 of the Dungeon.
             The game lasted 00:00:45 (152 turns).

anonymouscript the Magician (DjFE)                   Turns: 152, Time: 00:00:46

Health: -1/15      AC:  2    Str:  7    XL:     1   Next: 44%
Gold:   0          EV: 12    Int: 16    God:
                   SH:  0    Dex: 13

rFire   + + .      SeeInvis .   (no weapon)
rCold   x . .      Faith    .   (no shield)
rNeg    . . .      Spirit   .   a - +0 robe
rPois   ∞          Reflect  .   (no helmet)
rElec   .          Harm     .   (no cloak)
rCorr   .          Rampage  .   (no gloves)
Will    .....                   (boots unavailable)
Stlth   ++........              (no amulet)
HPRegen 0.05/turn               (no ring)
MPRegen 0.00/turn               (no ring)

@: flying, invisible
A: sickness immunity, fire resistance 2, cold vulnerability 1, float, innate
caster, HP casting, extra vitality 1
a: no special abilities


You were on level 3 of the Dungeon.
You visited 1 branch of the dungeon, and saw 3 of its levels.

Inventory:

Armour
 a - a +0 robe (worn)


   Skills:
 + Level 2.2 Dodging
 + Level 1.5 Stealth
 + Level 2.5 Spellcasting


You couldn't memorise any spells.
You knew the following spells:

 Your Spells              Type           Power      Damage    Failure   Level
a - Foxfire               Conj/Fire      40%        2x1d6     7%          1
b - Scorch                Fire           20%        2d6       11%         2
c - Conjure Flame         Conj/Fire      10%        6-21      21%         3
d - Inner Flame           Hex/Fire       10%        N/A       21%         3
e - Flame Wave            Conj/Fire      10%        2d6       56%         4
Your spell library was empty.

Dungeon Overview and Level Annotations

Branches:
Dungeon (3/15)

Altars:


Innate Abilities, Weirdness & Mutations

You are immune to sickness and miasma.
You are immune to poison.
Your flesh is very heat resistant. (rF++)
You are vulnerable to cold. (rC-)
You float through the air rather than walking.
You learn spells naturally, not from books.
Your magical power is your life essence.
You have superior vitality. (+4 MHP)


Message History

Nothing appears to happen.
The jackal bites you. The jackal barely misses you.
You are too injured to fight recklessly!
The jackal attacks as you move away! The jackal misses you.
You are too injured to fight recklessly!
Casting: Foxfire (safe; 7% risk of failure)
Press: ? - help, Q - select action, (/) - cycle Dir - look around, f - activate You conjure some foxfire!
The jackal barely misses you. The jackal attacks as you move away!
The jackal closely misses you.
The foxfire hits the jackal.
The jackal is lightly wounded.
The foxfire hits the jackal but does no damage.
The jackal is lightly wounded.
The jackal closely misses you.
There is a stone staircase leading down here.
The jackal bites you. The jackal barely misses you.
The jackal bites you but does no damage.
The jackal completely misses you.
Your magical contamination has completely faded away.
You fly downwards.
Found a stone staircase leading down.
There is a stone staircase leading up here.
A worm comes into view.
The jackal bites you.
* * * LOW HITPOINT WARNING * * *
The jackal attacks as you move away! The jackal barely misses you.
The jackal attacks as you move away! The jackal closely misses you.
The jackal bites you.
* * * LOW HITPOINT WARNING * * *
The jackal barely misses you.
There is a stone staircase leading down here.
The jackal closely misses you.
The jackal bites you but does no damage.
You fly downwards.
Found 5 gold pieces.
There is a stone staircase leading up here.
It was a potion of invisibility.
You fade into invisibility!
The jackal bites you.
You die...

#..
#.##
#...
#..#
#.$#
#..#
#.h#
#@.#
##h#
.#
##


You could see 2 jackals.

Vanquished Creatures
  A jackal (D:1)
  2 frilled lizards (D:1)
3 creatures vanquished.

Vanquished Creatures (others)
  15 foxfires (D:1)
15 creatures vanquished.

Grand Total: 18 creatures vanquished

Notes
Turn   | Place    | Note
-------+----------+-------------------------------------------
     0 | D:1      | anonymouscript the Djinni Fire Elementalist began the quest
                  | for the Orb.
     0 | D:1      | anonymouscript set off with the following spells memorised:
                  | Foxfire, Scorch, Conjure Flame, Inner Flame, Flame Wave.
     0 | D:1      | Reached XP level 1. HP: 15/15 MP: 0/0
    16 | D:1      | Found a faded altar of an unknown god.
   152 | D:3      | Slain by a jackal

Illustrated notes

Levels and vault maps discovered:
D:1:      matt_arrival_diagonals, layout_basic, ebering_ecumenical_altar_mist,
          hangedman_abyss_or_decor_stabs, fountainhead
D:2:      layout_loops_ring, kennysheep_nondescript, minmay_heptomino_o4
D:3:      layout_basic, nicolae_grassy_gnolls, uniq_natasha, uniq_sigmund

Action                   || total
-------------------------++-------
 Cast: Foxfire           ||     8
  Use: Potion            ||     1
Armor: Robe              ||     2
Dodge: Dodged            ||    12
